PBL
PHILADELPHIA PHILLIES @ ARIZONA DIAMONDBACKS
05/23/2071
 
TOP OF THE 1ST
Philadelphia Phillies batting - Pitching for Arizona Diamondbacks : RHP Hunter Coleman
Pitching: RHP Hunter Coleman
Batting: LHB Iván Ruíz 0-0: Called Strike
0-1: Called Strike
0-2: Ball
1-2: Strikes out looking
Batting: LHB Alonso Castillo 0-0: Ball
1-0: Foul Ball, location: 7LDF
1-1: Foul Ball, location: 2F
1-2: Ball
2-2: Fly out, F8 (Flyball, 8LD, EV 99.4 MPH)
Batting: RHB Armando Gracía 0-0: Ball
1-0: Called Strike
1-1: Foul Ball, location: 9LDF
1-2: Ball
2-2: Ball
3-2: Foul Ball, location: 9LSF
3-2: Base on Balls
Batting: RHB Bill McBryde 0-0: Ball
1-0: Ball
2-0: Swinging Strike
2-1: Called Strike
2-2: Strikes out swinging
Top of the 1st over - 0 runs, 0 hits, 0 errors, 1 left on base; Philadelphia 0 - Arizona 0
BOTTOM OF THE 1ST
Arizona Diamondbacks batting - Pitching for Philadelphia Phillies : RHP Nacho Hernández
Pitching: RHP Nacho Hernández
Batting: RHB Ángel Pérez 0-0: Ball
1-0: Foul Ball, location: 7LMF
1-1: Fly out, F9 (Flyball, 9D, EV 111.3 MPH)
Batting: LHB Pat Phillips 0-0: Swinging Strike
0-1: Called Strike
0-2: Ball
1-2: Ball
2-2: Ground out 6-3 (Groundball, 6M, EV 83.1 MPH)
Batting: RHB Amelio Díaz 0-0: Called Strike
0-1: Ground out 6-3 (Groundball, 6, EV 80.0 MPH)
Bottom of the 1st over - 0 runs, 0 hits, 0 errors, 0 left on base; Philadelphia 0 - Arizona 0
TOP OF THE 2ND
Philadelphia Phillies batting - Pitching for Arizona Diamondbacks : RHP Hunter Coleman
Batting: RHB Ezra Schneider 0-0: Ball
1-0: Called Strike
1-1: Ball
2-1: Called Strike
2-2: Strikes out swinging
Batting: RHB David Paige 0-0: DOUBLE (Line Drive, 89XD, EV 102.5 MPH)
Batting: RHB Atas Sekayi 0-0: Ball
1-0: Called Strike
1-1: Ball
2-1: Swinging Strike
2-2: Strikes out looking
Batting: LHB César Pérez 0-0: Ball
1-0: Called Strike
1-1: Ball
2-1: Foul Ball, location: 2F
2-2: SINGLE (Line Drive, 6D, EV 102.5 MPH)
David Paige to third
Runner from 3rd tries for Home, SAFE, throw by CF to home
Batting: RHB Vincente López 0-0: Swinging Strike
0-1: Ball
1-1: Called Strike
1-2: Foul Ball, location: 9LDF
1-2: Ball
2-2: Strikes out looking
Top of the 2nd over - 1 run, 2 hits, 0 errors, 1 left on base; Philadelphia 1 - Arizona 0
BOTTOM OF THE 2ND
Arizona Diamondbacks batting - Pitching for Philadelphia Phillies : RHP Nacho Hernández
Batting: RHB José Betancourt 0-0: Ball
1-0: Ball
2-0: Called Strike
2-1: Fly out, F8 (Flyball, 8LM, EV 97.5 MPH)
Batting: RHB José Núñes 0-0: Called Strike
0-1: Ground out 5-3 (Groundball, 56S, EV 82.5 MPH)
Batting: RHB Rafael Morales 0-0: Ball
1-0: Called Strike
1-1: Foul Ball, location: 5F
1-2: Fly out, F7 (Flyball, 7S, EV 85.0 MPH)
Bottom of the 2nd over - 0 runs, 0 hits, 0 errors, 0 left on base; Philadelphia 1 - Arizona 0
TOP OF THE 3RD
Philadelphia Phillies batting - Pitching for Arizona Diamondbacks : RHP Hunter Coleman
Batting: LHB Iván Ruíz 0-0: Swinging Strike
0-1: Ball
1-1: Foul Ball, location: 9LSF
1-2: SINGLE (Flyball, 78M, EV 96.3 MPH)
Batting: LHB Alonso Castillo 0-0: Ball
Iván Ruíz steals 2nd base
1-0: Ball
2-0: Foul Ball, location: 7LSF
2-1: Ball
3-1: Called Strike
3-2: Fly out, F1 (Line Drive, P, EV 71.3 MPH)
Batting: RHB Armando Gracía 0-0: Ball
1-0: Ball
Wild Pitch!
Iván Ruíz to third
2-0: Foul Ball, location: 25F
2-1: Foul Ball, location: 2F
2-2: Ball
3-2: Foul Ball, location: 2F
3-2: 2-RUN HOME RUN (Flyball, 7D, EV 94.4 MPH), Distance : 383 ft
Batting: RHB Bill McBryde 0-0: Fly out, F5 (Popup, 56S, EV 71.3 MPH)
Batting: RHB Ezra Schneider 0-0: Ball
1-0: Called Strike
1-1: Foul Ball, location: 5DF
1-2: Ball
2-2: Ball
3-2: Ground out 5-3 (Groundball, 56, EV 85.0 MPH)
Top of the 3rd over - 2 runs, 2 hits, 0 errors, 0 left on base; Philadelphia 3 - Arizona 0
BOTTOM OF THE 3RD
Arizona Diamondbacks batting - Pitching for Philadelphia Phillies : RHP Nacho Hernández
Pitching: LHP John Burns
Batting: LHB Bill Stevens 0-0: Called Strike
0-1: Called Strike
0-2: Foul Ball, location: 2F
0-2: Foul Ball, location: 5F
0-2: Ball
1-2: Foul Ball, location: 9LDF
1-2: Ball
2-2: Ball
3-2: DOUBLE (Line Drive, 9LS, EV 88.1 MPH) - OUT at third base trying to stretch hit.
Batting: SHB Patrick Jennings 0-0: Ball
1-0: Called Strike
1-1: Foul Ball, location: 9LSF
1-2: Ball
2-2: Ground out 3-1 (Groundball, 34, EV 88.1 MPH)
Batting: LHB Jim Andrés 0-0: Ball
1-0: Ball
2-0: Ball
3-0: Base on Balls
Batting: RHB Ángel Pérez 0-0: Ball
1-0: Fly out, F8 (Flyball, 8LM, EV 89.4 MPH)
Bottom of the 3rd over - 0 runs, 1 hit, 0 errors, 1 left on base; Philadelphia 3 - Arizona 0
TOP OF THE 4TH
Philadelphia Phillies batting - Pitching for Arizona Diamondbacks : RHP Hunter Coleman
Batting: RHB David Paige 0-0: Ball
1-0: Called Strike
1-1: Foul Ball, location: 25F
1-2: SINGLE (Line Drive, 89S, EV 103.1 MPH)
Batting: RHB Atas Sekayi 0-0: Ball
1-0: Swinging Strike
1-1: Ball
2-1: Foul Ball, location: 9LDF
2-2: Strikes out swinging
Batting: LHB César Pérez 0-0: SINGLE (Line Drive, 9LS, EV 104.4 MPH)
David Paige to second
Batting: RHB Vincente López 0-0: Foul Ball, location: 23F
0-1: Ball
1-1: Ball
2-1: Grounds into double play, 6-4-3 (Groundball, 56, EV 101.9 MPH)
Top of the 4th over - 0 runs, 2 hits, 0 errors, 1 left on base; Philadelphia 3 - Arizona 0
BOTTOM OF THE 4TH
Arizona Diamondbacks batting - Pitching for Philadelphia Phillies : LHP John Burns
Batting: LHB Pat Phillips 0-0: Called Strike
0-1: Foul Ball, location: 2F
0-2: Ball
1-2: SINGLE (Groundball, 56, EV 100.0 MPH)
Batting: RHB Amelio Díaz 0-0: Ball
1-0: Called Strike
1-1: Grounds into double play, 5-4-3 (Groundball, 56, EV 80.0 MPH)
Batting: RHB José Betancourt 0-0: Ball
1-0: Ball
2-0: Ball
3-0: Called Strike
3-1: Called Strike
3-2: Ground out 4-3 (Groundball, 4, EV 81.9 MPH)
Bottom of the 4th over - 0 runs, 1 hit, 0 errors, 0 left on base; Philadelphia 3 - Arizona 0
TOP OF THE 5TH
Philadelphia Phillies batting - Pitching for Arizona Diamondbacks : RHP Hunter Coleman
Batting: LHB Iván Ruíz 0-0: Called Strike
0-1: Ball
1-1: Ball
2-1: Foul Ball, location: 5F
2-2: Ball
3-2: Strikes out looking
Batting: LHB Alonso Castillo 0-0: Ball
1-0: Fly out, F8 (Flyball, 89D, EV 99.4 MPH)
Batting: RHB Armando Gracía 0-0: Ball
1-0: Ball
2-0: Foul Ball, location: 5FF
2-1: Swinging Strike
2-2: Ball
3-2: Foul Ball, location: 2F
3-2: Ground out 3-1 (Groundball, 34, EV 81.9 MPH)
Top of the 5th over - 0 runs, 0 hits, 0 errors, 0 left on base; Philadelphia 3 - Arizona 0
BOTTOM OF THE 5TH
Arizona Diamondbacks batting - Pitching for Philadelphia Phillies : LHP John Burns
Batting: RHB José Núñes 0-0: Ball
1-0: Swinging Strike
1-1: Swinging Strike
1-2: Ball
2-2: Foul Ball, location: 3F
2-2: Ball
3-2: Fly out, F8 (Flyball, 8RM, EV 90.6 MPH)
Batting: RHB Rafael Morales 0-0: Called Strike
0-1: Ball
1-1: Called Strike
1-2: Ball
2-2: Foul Ball, location: 5FF
2-2: Fly out, F7 (Flyball, 78M, EV 90.0 MPH)
Batting: LHB Bill Stevens 0-0: Ball
1-0: Ball
2-0: Swinging Strike
2-1: Foul Ball, location: 25F
2-2: Ball
3-2: Foul Ball, location: 7LDF
3-2: SINGLE (Groundball, 56D, EV 108.8 MPH)
Batting: SHB Patrick Jennings 0-0: Ball
1-0: Ball
2-0: Called Strike
2-1: Swinging Strike
2-2: Foul Ball, location: 25FF
2-2: Ball
3-2: Foul Ball, location: 2F
3-2: Ground out 1-3 (Groundball, P, EV 70.0 MPH)
Bottom of the 5th over - 0 runs, 1 hit, 0 errors, 1 left on base; Philadelphia 3 - Arizona 0
TOP OF THE 6TH
Philadelphia Phillies batting - Pitching for Arizona Diamondbacks : RHP Hunter Coleman
Batting: RHB Bill McBryde 0-0: Swinging Strike
0-1: Ball
1-1: Foul Ball, location: 3F
1-2: Ball
2-2: Ground out 6-3 (Groundball, 6, EV 98.8 MPH)
Batting: RHB Ezra Schneider 0-0: Foul Ball, location: 2F
0-1: Called Strike
0-2: Ball
1-2: Strikes out swinging
Batting: RHB David Paige 0-0: Called Strike
0-1: Ball
1-1: SINGLE (Groundball, 6MD, EV 96.9 MPH)
Batting: RHB Atas Sekayi 0-0: Ball
1-0: Swinging Strike
1-1: Ball
2-1: Ball
David Paige steals 2nd base
3-1: Foul Ball, location: 3SF
3-2: Base on Balls
Pitching: LHP Luis Contreras
Batting: LHB César Pérez 0-0: Ball
1-0: Foul Ball, location: 25FF
1-1: Called Strike
1-2: Ball
2-2: Strikes out swinging
Top of the 6th over - 0 runs, 1 hit, 0 errors, 2 left on base; Philadelphia 3 - Arizona 0
BOTTOM OF THE 6TH
Arizona Diamondbacks batting - Pitching for Philadelphia Phillies : LHP John Burns
Batting: LHB Jim Andrés 0-0: Fly out, F8 (Flyball, 8LS, EV 91.3 MPH)
Batting: RHB Ángel Pérez 0-0: Ball
1-0: Fly out, F9 (Line Drive, 89M, EV 99.4 MPH)
Batting: LHB Pat Phillips 0-0: Swinging Strike
0-1: Ball
1-1: Swinging Strike
1-2: SINGLE (Line Drive, 8RS, EV 90.0 MPH)
Batting: RHB Amelio Díaz 0-0: Called Strike
0-1: Swinging Strike
0-2: SINGLE (Groundball, 6MD, EV 107.5 MPH)
Pat Phillips to second
Batting: RHB José Betancourt 0-0: Ball
1-0: Swinging Strike
1-1: Ball
2-1: Swinging Strike
2-2: Strikes out swinging
Bottom of the 6th over - 0 runs, 2 hits, 0 errors, 2 left on base; Philadelphia 3 - Arizona 0
TOP OF THE 7TH
Philadelphia Phillies batting - Pitching for Arizona Diamondbacks : LHP Luis Contreras
Batting: RHB Vincente López 0-0: Fly out, F7 (Line Drive, 7, EV 94.4 MPH)
Batting: LHB Iván Ruíz 0-0: Ball
1-0: Swinging Strike
1-1: Ball
2-1: Foul Ball, location: 9LSF
2-2: Foul Ball, location: 2F
2-2: Foul Ball, location: 9LSF
2-2: Fly out, F2 (Popup, 2RF, EV 90.6 MPH)
Batting: LHB Alonso Castillo 0-0: Foul Ball, location: 9LMF
0-1: Foul Ball, location: 7LMF
0-2: Ground out 4-3 (Groundball, 4S, EV 65.6 MPH)
Top of the 7th over - 0 runs, 0 hits, 0 errors, 0 left on base; Philadelphia 3 - Arizona 0
BOTTOM OF THE 7TH
Arizona Diamondbacks batting - Pitching for Philadelphia Phillies : LHP John Burns
Batting: RHB José Núñes 0-0: Ball
1-0: Ball
2-0: Fly out, F3 (Line Drive, 3L, EV 65.6 MPH)
Batting: RHB Rafael Morales 0-0: Ball
1-0: Swinging Strike
1-1: Ball
2-1: Ball
3-1: Called Strike
3-2: Base on Balls
Batting: LHB Bill Stevens 0-0: Ball
1-0: Ball
2-0: Called Strike
2-1: Called Strike
2-2: Ball
3-2: Grounds into double play, 4-6-3 (Groundball, 34, EV 86.9 MPH)
Bottom of the 7th over - 0 runs, 0 hits, 0 errors, 0 left on base; Philadelphia 3 - Arizona 0
TOP OF THE 8TH
Philadelphia Phillies batting - Pitching for Arizona Diamondbacks : LHP Luis Contreras
Batting: RHB Armando Gracía 0-0: Foul Ball, location: 2F
0-1: Ball
1-1: Foul Ball, location: 2F
1-2: SOLO HOME RUN (Flyball, 9D, EV 96.9 MPH), Distance : 367 ft
Batting: RHB Bill McBryde 0-0: Ball
1-0: Ground out 6-3 (Groundball, 6, EV 86.3 MPH)
Batting: RHB Ezra Schneider 0-0: Ball
1-0: Ball
2-0: Swinging Strike
2-1: Swinging Strike
2-2: Strikes out swinging
Pitching: RHP Eric Barker
Batting: RHB David Paige 0-0: Ball
1-0: Fly out, F8 (Flyball, 78D, EV 86.3 MPH)
Top of the 8th over - 1 run, 1 hit, 0 errors, 0 left on base; Philadelphia 4 - Arizona 0
BOTTOM OF THE 8TH
Arizona Diamondbacks batting - Pitching for Philadelphia Phillies : LHP John Burns
Batting: SHB Patrick Jennings 0-0: Ball
1-0: SINGLE (Line Drive, 89M, EV 106.9 MPH)
Batting: LHB Jim Andrés 0-0: Ball
1-0: Called Strike
1-1: Fly out, F4 (Popup, 4M, EV 76.3 MPH)
Batting: RHB Ángel Pérez 0-0: Called Strike
0-1: Called Strike
0-2: Ball
1-2: SINGLE (Groundball, 6, EV 86.9 MPH)
Patrick Jennings to second
Pitching: RHP An-yan Hoong
Batting: LHB Pat Phillips 0-0: Fly out, F5 (Popup, 5L, EV 60.0 MPH)
Batting: RHB Amelio Díaz 0-0: Ball
1-0: Fly out, F7 (Flyball, 78S, EV 84.4 MPH)
Bottom of the 8th over - 0 runs, 2 hits, 0 errors, 2 left on base; Philadelphia 4 - Arizona 0
TOP OF THE 9TH
Philadelphia Phillies batting - Pitching for Arizona Diamondbacks : RHP Eric Barker
Batting: RHB Atas Sekayi 0-0: Swinging Strike
0-1: Ball
1-1: Ground out 6-3 (Groundball, 6M, EV 90.6 MPH)
Batting: LHB César Pérez 0-0: Ball
1-0: Ball
2-0: Ball
3-0: Called Strike
3-1: Swinging Strike
3-2: Foul Ball, location: 2F
3-2: Strikes out swinging
Batting: RHB Vincente López 0-0: Swinging Strike
0-1: Ball
1-1: Ball
2-1: Fly out, F8 (Flyball, 78D, EV 93.1 MPH)
Top of the 9th over - 0 runs, 0 hits, 0 errors, 0 left on base; Philadelphia 4 - Arizona 0
BOTTOM OF THE 9TH
Arizona Diamondbacks batting - Pitching for Philadelphia Phillies : RHP An-yan Hoong
Batting: RHB José Betancourt 0-0: Foul Ball, location: 2F
0-1: Foul Ball, location: 2F
0-2: Ground out 5-3 (Groundball, 56S, EV 68.8 MPH)
Batting: RHB José Núñes 0-0: Ball
1-0: Foul Ball, location: 2F
1-1: Fly out, F9 (Flyball, 9LM, EV 92.5 MPH)
Batting: RHB Rafael Morales 0-0: SINGLE (Line Drive, 4MD, EV 101.9 MPH)
Batting: LHB Bill Stevens 0-0: Foul Ball, location: 5F
0-1: Ball
1-1: Ball
2-1: Foul Ball, location: 9LSF
2-2: Foul Ball, location: 2F
2-2: Ball
3-2: SINGLE (Groundball, 34D, EV 106.3 MPH)
Rafael Morales to second
Rafael Morales to third
Pitching: RHP Ids Keijzer
Batting: SHB Patrick Jennings 0-0: Ground out 6-3 (Groundball, 6D, EV 100.6 MPH)
Bottom of the 9th over - 0 runs, 2 hits, 0 errors, 2 left on base; Philadelphia 4 - Arizona 0
Wednesday, April 17th , 2024 - OOTP Baseball 24.10 Build 82